 Dungeon Crawl Stone Soup version 0.31.0-12-g77e489cdc1 (webtiles) character file.

Game seed: 7904742945768400770

1735142 Lhightning the Conqueror (level 27, 245/245 HPs)
             Began as a Minotaur Fighter on Feb 18, 2024.
             Was the Champion of Okawaru.
             Escaped with the Orb
             ... and 3 runes on Feb 24, 2024!
             The game lasted 09:45:32 (68111 turns).

Lhightning the Conqueror (Minotaur Fighter)        Turns: 68111, Time: 09:45:33

Health: 245/245    AC: 46    Str: 44    XL:     27
Magic:  36/36      EV: 13    Int:  5    God:    Okawaru [******]
Gold:   9759       SH: 25    Dex: 16    Spells: 26/26 levels left

rFire   + + .        R - +9 broad axe (vamp)
rCold   + + +        b - +0 tower shield
rNeg    + . .        A - +8 gold dragon scales
rPois   +            K - +1 hat {Stlth+}
rElec   +            E - +2 cloak of Leaves {Rampage rC+++ Dex+2 Stlth-}
rCorr   .            O - +2 pair of gloves {Str+3}
SInv    .            g - +1 pair of boots of Loypnupn {rElec Dex+4}
Will    ++...        a - amulet of Symmetry {Spirit Fly Regen+} Stlth
                     T - ring "Heitem" {^Drain rElec rF+ rC+ rN+}
HPRegen 1.40/turn    p - +6 ring of strength
MPRegen 0.25/turn

%: guardian spirit, rampage
@: flying, studying Maces & Flails
A: horns 2, retaliatory headbutt, frail 1, mutation resistance 1, noise
suppression
0: Orb of Zot
}: 3/15 runes: decaying, silver, gossamer
a: Renounce Religion, Heroism, Finesse, Duel, Receive Weapon


You escaped.
You worshipped Okawaru.
Okawaru was exalted by your worship.
You visited 11 branches of the dungeon, and saw 51 of its levels.
You visited the Abyss 2 times.
You also visited: Ossuary, Bailey and Gauntlet.

You collected 11045 gold pieces.
You spent 1286 gold pieces at shops.

Inventory:

Hand Weapons
 L - the +4 morningstar of the Healing Gods {flame, rF+ Str+3 Dex+3}
   (You found it on level 2 of the Vaults)

   Str+3:     It affects your strength (+3).
   Dex+3:     It affects your dexterity (+3).
   rF+:       It protects you from fire.
 R - a +9 vampiric broad axe (weapon)
 U - the +6 great mace of Kemperch {flame, +Blink rElec Will+}
   (You found it on level 5 of the Vaults)

   rElec:     It insulates you from electricity.
   Will+:     It increases your willpower.
   +Blink:    It lets you blink.
Missiles
 f - 7 darts of dispersal
 n - 3 throwing nets
 y - 8 curare-tipped darts
 H - 21 javelins (quivered)
 N - 24 silver javelins
 W - 40 atropa-tipped darts
Armour
 b - a +0 tower shield (worn)
 g - the +1 pair of boots of Loypnupn (worn) {rElec Dex+4}
   (Okawaru gifted it to you on level 1 of the Elven Halls)

   Dex+4:     It affects your dexterity (+4).
   rElec:     It insulates you from electricity.
 A - +8 gold dragon scales (worn)
 E - the +2 cloak of Leaves (worn) {Rampage rC+++ Dex+2 Stlth-}
   (You acquired it on level 2 of the Lair of Beasts)

   Dex+2:     It affects your dexterity (+2).
   rC+++:     It renders you almost immune to cold.
   Rampage:   It bestows one free step when moving towards enemies.
   Stlth-:    It makes you less stealthy.
 K - a +1 hat of stealth (worn)
 O - a +2 pair of gloves of strength (worn)
Jewellery
 a - the amulet of Symmetry (around neck) {Spirit Fly Regen+}
   (You acquired it on level 2 of the Lair of Beasts)

   [amulet of guardian spirit]

   Spirit:    It causes incoming damage to be divided between your reserves of
   health and magic.
   Fly:       It grants you flight.
   Regen+:    It increases your rate of health regeneration.
 p - a +6 ring of strength (right hand)
 v - the ring of Qoamut {Ice rPois rN+}
   (You took it off Josephina on level 1 of the Crypt)

   [ring of ice]

   Ice:       It enhances your ice magic.
   rF-:       It makes you vulnerable to fire.
   rC+:       It protects you from cold.
   rPois:     It protects you from poison rN+: It protects you from negative
   energy.
 M - the ring of Fedhas's Indignation {rPois rF+}
   (You found it on level 8 of the Dungeon)

   [ring of protection from fire]

   rF+:       It protects you from fire.
   rPois:     It protects you from poison
 S - the ring "Ollipiyrr" {rF- rN+ MP+9 Str+3}
   (You found it on level 3 of the Crypt)

   [ring of positive energy]

   Str+3:     It affects your strength (+3).
   rF-:       It makes you vulnerable to fire.
   rN+:       It protects you from negative energy.
   MP+9:      It affects your magic capacity (+9).
 T - the ring "Heitem" (left hand) {^Drain rElec rF+ rC+ rN+}
   (You found it on level 3 of the Crypt)

   [ring of positive energy]

   rF+:       It protects you from fire.
   rC+:       It protects you from cold.
   rElec:     It insulates you from electricity.
   rN+:       It protects you from negative energy.
   ^Drain:    It drains your maximum health when unequipped.
 X - the amulet "Foru Lar" {Spirit Harm rN+ Regen+}
   (You found it on level 5 of the Vaults)

   [amulet of guardian spirit]

   Spirit:    It causes incoming damage to be divided between your reserves of
   health and magic.
   rN+:       It protects you from negative energy.
   Regen+:    It increases your rate of health regeneration.
   Harm:      It increases damage dealt and taken.
 Y - the ring of Mebrerr {rN+ rCorr}
   (You found it on level 3 of the Crypt)

   [ring of positive energy]

   rN+:       It protects you from negative energy.
   rCorr:     It protects you from acid and corrosion.
Wands
 c - a wand of polymorph (35)
 e - a wand of paralysis (43)
 j - a wand of mindburst (26)
 r - a wand of digging (18)
 s - a wand of flame (136)
 w - a wand of roots (91)
 z - a wand of acid (24)
Scrolls
 l - 2 scrolls of revelation
 m - a scroll of immolation
 o - 5 scrolls of poison
 q - 2 scrolls of enchant weapon
 t - 3 scrolls of blinking
 u - 4 scrolls of fog
 F - 23 scrolls of teleportation
 G - 14 scrolls of fear
 Q - 3 scrolls of brand weapon
 V - 5 scrolls of silence
Potions
 d - 6 potions of might
 h - 29 potions of curing
 i - 2 potions of resistance
 k - 8 potions of invisibility
 x - 15 potions of ambrosia
 B - 3 potions of brilliance
 C - 7 potions of haste
 D - 11 potions of lignification
 I - 7 potions of mutation
 J - 9 potions of cancellation
 P - 5 potions of heal wounds
 Z - 7 potions of enlightenment


   Skills:
 O Level 27 Fighting
 - Level 18.0 Axes
 - Level 16.0 Throwing
 - Level 26.0 Armour
 - Level 7.8 Dodging
 - Level 25.9 Shields
 - Level 20.2 Invocations
 * Level 19.9 Evocations


You had 26 spell levels left.
You didn't know any spells.
Your spell library contained the following spells:

 Spells                   Type           Power      Damage    Failure   Level
 Apportation              Tloc           0%         N/A       88%         1
 Foxfire                  Conj/Fire      0%         2x1d4     88%         1
 Freeze                   Ice            0%         1d3       88%         1
 Kiss of Death            Conj/Necr      0%         2d5       88%         1
 Necrotise                Necr           0%         1d4       88%         1
 Sandblast                Erth           0%         2d4       88%         1
 Slow                     Hex            0%         N/A       88%         1
 Sting                    Conj/Alch      0%         1d3       88%         1
 Blink                    Tloc           0%         N/A       96%         2
 Cigotuvi's Dreadful Rot  Necr/Alch/Air  0%         N/A       96%         2
 Ensorcelled Hibernation  Hex/Ice        0%         N/A       96%         2
 Lesser Beckoning         Tloc           0%         N/A       96%         2
 Mercury Vapours          Alch/Air       0%         N/A       96%         2
 Momentum Strike          Conj/Tloc      0%         3d8       96%         2
 Scorch                   Fire           0%         2d5       96%         2
 Static Discharge         Conj/Air       0%         3-3/arc   96%         2
 Sublimation of Blood     Necr           0%         N/A       96%         2
 Confusing Touch          Hex            0%         N/A       99%         3
 Frozen Ramparts          Ice            0%         1d1       99%         3
 Fugue of the Fallen      Necr           0%         N/A       99%         3
 Gell's Gravitas          Tloc           0%         N/A       99%         3
 Hailstorm                Conj/Ice       0%         3d5       99%         3
 Mephitic Cloud           Conj/Alch/Air  0%         N/A       99%         3
 Ozocubu's Armour         Ice            0%         N/A       99%         3
 Passwall                 Erth           0%         N/A       99%         3
 Sigil of Binding         Hex            0%         N/A       99%         3
 Stone Arrow              Conj/Erth      0%         3d7       99%         3
 Teleport Other           Tloc           0%         N/A       99%         3
 Vampiric Draining        Necr           0%         2d6       99%         3
 Airstrike                Air            0%         2d(0-16)  100%        4
 Anguish                  Hex/Necr       0%         N/A       100%        4
 Brom's Barrelling Bould  Conj/Erth      0%         2d3       100%        4
 Cause Fear               Hex            0%         N/A       100%        4
 Dispel Undead            Necr           0%         3d6       100%        4
 Flame Wave               Conj/Fire      0%         2d4       100%        4
 Ignite Poison            Fire/Alch      0%         N/A       100%        4
 Leda's Liquefaction      Alch/Erth      0%         N/A       100%        4
 Manifold Assault         Tloc           0%         N/A       100%        4
 Olgreb's Toxic Radiance  Alch           0%         N/A       100%        4
 Passage of Golubria      Tloc           0%         N/A       100%        4
 Petrify                  Alch/Erth      0%         N/A       100%        4
 Vhi's Electric Charge    Tloc/Air       0%         N/A       100%        4
 Arcjolt                  Conj/Air       0%         1d10      100%        5
 Borgnjor's Vile Clutch   Necr/Erth      0%         N/A       100%        5
 Curse of Agony           Necr           0%         N/A       100%        5
 Lee's Rapid Deconstruct  Erth           0%         3d4*      100%        5
 Metabolic Englaciation   Hex/Ice        0%         N/A       100%        5
 Silence                  Hex/Air        0%         N/A       100%        5
 Yara's Violent Unravell  Hex/Alch       0%         3d3       100%        5
 Bombard                  Conj/Erth      0%         9d1       100%        6
 Conjure Ball Lightning   Conj/Air       0%         3x3d6     100%        6
 Dispersal                Tloc           0%         N/A       100%        6
 Eringya's Noxious Bog    Alch           0%         4d6       100%        6
 Plasma Beam              Fire/Air       0%         2x1d10    100%        6
 Starburst                Conj/Fire      0%         6d3       100%        6
 Enfeeble                 Hex            0%         N/A       100%        7
 Disjunction              Tloc           0%         N/A       100%        8
 Lehudib's Crystal Spear  Conj/Erth      0%         10d2      100%        8
 Maxwell's Capacitive Co  Air            0%         ∞         100%        8
 Summon Small Mammal      Summ           Unusable   N/A       N/A         1
 Call Imp                 Summ           Unusable   N/A       N/A         2
 Summon Ice Beast         Ice/Summ       Unusable   N/A       N/A         3
 Tukima's Dance           Hex            Unusable   N/A       N/A         3
 Animate Armour           Summ/Erth      Unusable   N/A       N/A         4
 Animate Dead             Necr           Unusable   N/A       N/A         4
 Martyr's Knell           Necr/Summ      Unusable   N/A       N/A         4
 Summon Blazeheart Golem  Fire/Summ      Unusable   N/A       N/A         4
 Summon Lightning Spire   Summ/Air       Unusable   N/A       N/A         4
 Summon Forest            Summ/Tloc      Unusable   N/A       N/A         5
 Summon Mana Viper        Hex/Summ       Unusable   N/A       N/A         5
 Death Channel            Necr           Unusable   N/A       N/A         6
 Sculpt Simulacrum        Ice/Alch       Unusable   N/A       N/A         6
 Summon Cactus Giant      Summ           Unusable   N/A       N/A         6
 Monstrous Menagerie      Summ           Unusable   N/A       N/A         7
 Summon Hydra             Summ           Unusable   N/A       N/A         7

Dungeon Overview and Level Annotations

Branches:
Dungeon (15/15)            Temple (1/1) D:6            Lair (5/5) D:10
  Swamp (4/4) Lair:2       Spider (4/4) Lair:3        Slime (0/5) Lair:5
    Orc (2/2) D:10            Elf (3/3) Orc:2        Vaults (5/5) D:13
  Crypt (3/3) Vaults:2       Tomb (0/3) Crypt:3      Depths (4/4) D:15
    Zot (5/5) Depths:4    Ossuary (visited)          Bailey (visited)
Gauntlet (visited)

Altars:
Ashenzari
Cheibriados
Dithmenos
Elyvilon
Fedhas
Gozag
Hepliaklqana
Kikubaaqudgha
Makhleb
Nemelex Xobeh
Okawaru
Qazlal
Ru
Sif Muna
Trog
Uskayaw
Vehumet
Wu Jian
Xom
Yredelemnul
Zin
The Shining One
Jiyva

Shops:
D:5 [   D:10 *   D:14 ?   Orc:2 [(:**(*   Vaults:3 [=

Portals:
Hell: Depths:1 Depths:2 Depths:3 Depths:4
Abyss: Depths:2 Depths:3 Depths:4
Pandemonium: Orc:2 Depths:2
Ziggurat: Depths:3

Annotations:
D:7 2 transporters, spaghetti's ghost, novice NaCK
D:8 1 runed translucent door
Lair:5 1 runed translucent door, exclusion: obsidian statue
Spider:1 Roxanne
Orc:2 3 runed translucent doors, Consumeair16's ghost, journeyman HOMo


Innate Abilities, Weirdness & Mutations

You have a pair of horns on your head.
You reflexively headbutt those who attack you in melee.
You are frail. (-10% HP)
You are somewhat resistant to further mutation.
You passively dampen the noise of your surroundings.


Message History

The rock shatters into small pieces.
There is a stone staircase leading up here.
You fly upwards.
There is a stone staircase leading down here.
What level of the Dungeon? (default 1, ? - help)
You see here a +0 dagger.
There is a stone staircase leading up here.
You fly upwards.
There is a stone staircase leading down here.
Cleave: R) +9 broad axe (vamp)
Press: ? - help, Dir - move target, f - you
Okay, then.
Aiming: Dig
Press: ? - help, Shift-Dir - straight line You can't see that place. [a rock wall.]
The rock shatters into small pieces.
You carve the plant like a ham!!!
The plant begins to die.
You headbutt the plant!!
The plant is moderately damaged.
You cut the plant into ribbons!!!
The plant is heavily damaged.
You chop the plant into pieces!!!
The plant is severely damaged.
A hellwing comes into view.
A hellwing comes into view.
The hellwing gives a chilling moan. x2
A nearby plant withers and dies.
The hellwing swoops through the air toward you!
You block the hellwing's attack. x2
You barely miss the hellwing. You completely miss the hellwing.
You block the hellwing's attack. x2
You slice the hellwing!! Your headbutt misses the hellwing.
The hellwing is heavily wounded.
You block the hellwing's attack. The hellwing closely misses you.
You slice the hellwing!!
You kill the hellwing!
Okawaru accepts your kill.
There is a staircase leading out of the dungeon here.
You have escaped!

##############
#...4.....~P~#
#.@.###.##P~~# #
#...# #.##P~P# #
#.### #P~~##.# #
#.# #PP~.#.# #
#.#####~P~...#### #
#...P~~#####..>.###
#.##P~P# #.#.....
#.##PP~# ###.#.###.
#~~P##.# #...#.#...


You could see a hellwing.

Vanquished Creatures
  4 orbs of fire
  Khufu (Crypt:1)
  2 dread liches
  2 juggernauts (Depths:3)
  Xtahua (Vaults:4)
  Josephina (Crypt:1)
  Sojobo (Crypt:1)
  2 royal mummies
  Bai Suzhen (Vaults:4)
  Saint Roka (Vaults:3)
  5 Killer Klowns
  Margery (Depths:1)
  6 caustic shrikes
  9 golden dragons
  Jory (Crypt:3)
  the Enchantress (Depths:3)
  6 electric golems
  Rupert (D:12)
  13 tentacled monstrosities
  An Ice Fiend (D:15)
  25 Orb Guardians
  A walking crystal tome (Depths:3)
  7 titans
  4 liches
  3 deep elf blademasters
  2 deep elf master archers (Elf:3)
  A searing wretch (Depths:1)
  2 walking divine tomes (Depths:3)
  2 ancient champions (Crypt:2)
  3 sphinxes
  17 quicksilver dragons
  Frances (D:13)
  14 death cobs
  10 tengu reavers
  An Executioner (Abyss:5)
  6 tentacled starspawn
  A revenant (Crypt:3)
  13 shadow dragons
  12 storm dragons
  6 draconian monks
  Aizul (Spider:1)
  3 thorn hunters
  7 protean progenitors
  5 frost giants
  7 draconian knights
  Donald (Vaults:4)
  22 vault wardens
  13 fire giants
  5 emperor scorpions
  An iron dragon (Vaults:5)
  7 deep elf sorcerers
  6 draconian shifters
  A juggernaut zombie (Crypt:1)
  3 curse skulls (Crypt:3)
  8 deep elf elementalists
  13 draconian stormcallers
  9 draconian annihilators
  6 orc warlords
  4 ghost moths
  6 draconian scorchers
  The ghost of yogurtking the Cleaver, a journeyman HOFi of Fedhas (Elf:2)
  28 ironbound preservers
  2 cacodemons
  3 formless jellyfish
  11 ghouls
  34 very ugly things
  5 spriggan defenders
  17 stone giants
  8 ironbound thunderhulks
  8 black draconians
  6 eleionomae
  16 vampire knights
  18 green draconians
  28 purple draconians
  7 bunyips
  10 deep elf death magi
  A rockslime zombie (Crypt:1)
  7 yellow draconians
  3 deep elf annihilators
  7 deep elf demonologists
  11 spark wasps
  6 war gargoyles
  9 dire elephants
  11 red draconians
  2 minotaurs
  6 white draconians
  3 crystal guardians
  A merfolk javelineer (Depths:2)
  11 ettins
  14 yaktaur captains
  3 eidola
  3 shambling mangroves
  14 jiangshi
  3 merfolk impalers
  4 deep elf high priests
  5 fire dragons
  A fenstrider witch zombie (Crypt:3)
  12 ice dragons
  19 hydras
  A quicksilver dragon skeleton (Crypt:2)
  6 entropy weavers
  31 vault guards
  11 rakshasas
  10 alligators
  9 spriggan air magi
  5 great orbs of eyes
  2 demonspawn (Orc:2)
  4 peacekeepers
  6 jorogumos
  An ogre mage (Vaults:4)
  4 ghost crabs
  2 catoblepae
  18 centaur warriors
  2 radroaches
  16 boulder beetles
  15 ironbound frosthearts
  6 death scarabs (Spider:4)
  A death yak (Lair:4)
  4 two-headed ogres
  39 dancing weapons
  14 vampire magi
  7 deep troll shamans
  4 hell hogs (Abyss:3)
  9 deep troll earth magi
  6 demonic crawlers
  6 tengu warriors
  A spectral dire elephant (Lair:5)
  5 spriggan berserkers
  Urug (Lair:4)
  6 thrashing horrors
  A boulder beetle (shapeshifter) (Vaults:5)
  A shock serpent (shapeshifter) (Depths:2)
  19 deep elf knights
  5 occultists
  5 orc high priests
  4 hell knights (Depths:1)
  3 storm dragon zombies (Crypt:3)
  4 soul eaters
  7 wretched stars
  A titan skeleton (Vaults:3)
  2 fire crabs
  3 shadow wraiths
  A spectral death yak (Lair:5)
  3 pharaoh ants
  A spectral anaconda (Lair:5)
  A golden dragon zombie (Depths:1)
  3 glowing orange brains
  6 iron trolls
  22 skeletal warriors
  A death drake (shapeshifter) (D:14)
  3 sixfirhies
  A skyshark (shapeshifter) (Depths:3)
  A deep troll (shapeshifter) (Vaults:5)
  3 sea snakes (shapeshifter) (Vaults:5)
  2 anaconda zombies (Crypt:3)
  5 spriggan druids
  A glowing orange brain (shapeshifter) (Vaults:5)
  10 swamp dragons
  88 deep trolls
  5 goliath frogs
  5 bog bodies
  19 ironbound convokers
  14 flayed ghosts
  A shadow dragon zombie (Depths:1)
  8 phantasmal warriors
  8 orb spiders
  2 golden dragon skeletons (Depths:1)
  Pikel (D:4)
  A spriggan simulacrum (Crypt:1)
  7 arcanists
  9 deep elf archers
  23 orc knights
  3 harpies (Vaults:3)
  18 starcursed masses
  37 deep elf pyromancers
  2 eyes of devastation (shapeshifter)
  9 necromancers
  A wolf spider zombie (Spider:4)
  19 deep elf zephyrmancers
  13 lindwurms
  2 broodmother zombies
  9 steelbarb worms
  9 orc sorcerers
  A salamander (shapeshifter) (D:13)
  A stone giant zombie (Depths:1)
  20 wolf spiders
  A worldbinder (Gauntlet)
  35 ugly things
  4 will-o-the-wisps
  An alligator skeleton (Crypt:3)
  2 dire elephant zombies (Lair:5)
  9 meliai
  27 moths of wrath
  2 manticores
  4 black mambas
  14 large abominations
  3 torpor snails
  29 elephants
  27 vault sentinels
  3 kobold blastminers
  2 rust devils
  A frost giant skeleton (Crypt:2)
  3 smoke demons (Abyss:3)
  An alligator snapping turtle zombie (Crypt:2)
  2 spectral redbacks (Spider:4)
  A titan simulacrum (Crypt:1)
  A torpor snail (shapeshifter) (Elf:3)
  An unseen horror (shapeshifter) (D:15)
  2 centaur skeletons (D:15)
  12 cane toads
  2 spriggan zombies
  An unseen horror (Abyss:3)
  37 yaktaurs
  An iron troll zombie (Crypt:2)
  4 rime drakes
  19 komodo dragons
  2 minotaur zombies (Gauntlet)
  A hellion (Depths:2)
  A redback zombie (Spider:4)
  An unseen horror zombie (Crypt:1)
  3 efreet
  A catoblepas skeleton (Crypt:3)
  3 freezing wraiths
  2 ice devils (Lair:1)
  5 tengu conjurers
  6 ancient zymes
  A death drake zombie (Crypt:1)
  A sea snake skeleton (Crypt:3)
  3 hellwings
  7 tyrant leeches
  2 harpy zombies (Crypt:3)
  2 polar bears
  A troll (Vaults:5)
  A burning bush (Lair:3)
  A spectral culicivora (Spider:4)
  2 queen bees
  3 bloated husks
  8 hornets
  2 spectral tarantellas (Spider:4)
  22 tarantellas
  2 jumping spider zombies
  A culicivora zombie (Spider:4)
  A tarantella (shapeshifter) (D:14)
  2 glass eyes (Depths:4)
  A satyr zombie (Crypt:2)
  17 blink frogs
  A fire giant simulacrum (Vaults:3)
  35 raiju
  A meliai zombie (D:15)
  6 spectral jumping spiders (Spider:4)
  A dream sheep (shapeshifter) (Vaults:5)
  23 culicivoras
  5 dream sheep (Lair:3)
  29 jumping spiders
  2 ettin zombies
  3 stone giant simulacra
  A culicivora (shapeshifter) (Vaults:5)
  43 slime creatures
  A shadow (D:7)
  An ettin skeleton (Vaults:3)
  An ice dragon skeleton (Crypt:3)
  A dire elephant simulacrum (Crypt:1)
  11 spriggans
  5 wraiths
  3 wyverns
  A centaur simulacrum (D:15)
  A wind drake zombie (Crypt:1)
  14 water elementals
  61 yaks
  23 vampires
  2 air elementals (Elf:1)
  3 ynoxinuls
  16 humans (D:12)
  A warg (shapeshifter) (D:13)
  4 fire bats (Gauntlet)
  Eustachio (D:4)
  A steam dragon (D:7)
  9 basilisks
  A fire elemental (Elf:1)
  3 neqoxecs
  A warg (Orc:2)
  4 chaos spawn
  35 redbacks
  5 vampire mosquitoes
  A fire bat zombie (Crypt:2)
  A harpy simulacrum (Crypt:1)
  A naga zombie (Crypt:3)
  2 acid dragons
  13 swamp worms
  A spectral cane toad (Lair:5)
  A two-headed ogre zombie (Crypt:3)
  A human zombie (Depths:1)
  21 water moccasins
  2 small abominations
  A two-headed ogre skeleton (Crypt:2)
  27 orc warriors
  A human skeleton (Vaults:3)
  2 elephant zombies (Lair:5)
  A sky beast (shapeshifter) (Abyss:5)
  2 ice beasts
  An ice beast (shapeshifter) (Abyss:3)
  A sky beast (D:4)
  8 swamp drakes (Swamp:4)
  4 black bears
  A blink frog zombie (Crypt:1)
  10 laughing skulls
  6 ogres (Orc:2)
  6 boggarts
  A crocodile (shapeshifter) (D:15)
  12 centaurs
  A snapping turtle skeleton (Crypt:1)
  13 wolves
  3 phantoms
  2 kobold brigands
  14 bullfrogs
  2 gnoll sergeants
  A cane toad simulacrum (Lair:5)
  7 necrophages
  2 scorpions
  A warg zombie (Crypt:2)
  6 wights
  2 burial acolytes (Ossuary)
  A water moccasin skeleton (Crypt:3)
  2 elephant simulacra (Lair:5)
  52 killer bees
  4 electric eels
  5 howler monkeys
  A wolf skeleton (Crypt:2)
  A black bear zombie (Crypt:3)
  A bullfrog skeleton (Crypt:1)
  2 hounds
  2 jellies (D:7)
  2 sleepcaps
  29 orc priests
  A gnoll bouda (D:8)
  3 iguanas
  A boggart zombie (D:15)
  18 orc wizards
  6 hell rats
  5 mummies
  24 gnolls
  11 adders
  3 river rats (Lair:4)
  3 shadow imps
  3 white imps
  11 ufetubi
  An iguana zombie (Crypt:3)
  An iguana skeleton (Crypt:3)
  6 dart slugs
  2 ribbon worms (D:2)
  83 orcs
  6 endoplasms
  8 giant cockroaches
  A gnoll zombie (Ossuary)
  11 goblins
  8 hobgoblins
  17 kobolds
  5 quokkas
  7 ball pythons
  A ball python skeleton (Crypt:3)
  10 bats
  3 frilled lizards
  A goblin skeleton (Crypt:3)
  A hobgoblin zombie (D:5)
  6 kobold zombies
  2 orc zombies (Ossuary)
  4 rats
  A rat skeleton (Crypt:3)
  A rat zombie (Crypt:2)
  An aspiring flesh (Zot:4)
  2 lurking horrors
  A spectral weapon (Swamp:4)
  3 starspawn tentacles (Abyss:3)
2664 creatures vanquished.

Vanquished Creatures (others)
  A very ugly thing (Depths:2)
  A fire dragon (Abyss:5)
  An ice dragon (Abyss:5)
  2 ogre magi (Abyss:5)
  A deep elf knight (Vaults:5)
  A spriggan druid (Swamp:1)
  A bog body (Swamp:4)
  A deep elf pyromancer (Elf:1)
  An ancient zyme (Abyss:5)
  2 bloated husks
  2 hornets (Swamp:1)
  A raiju (Abyss:5)
  2 spriggans (Swamp:1)
  5 fire bats (Abyss:5)
  4 chaos spawn (Abyss:5)
  12 foxfires
  11 starspawn tentacles
49 creatures vanquished.

Grand Total: 2713 creatures vanquished

Notes
Turn   | Place    | Note
-------+----------+-------------------------------------------
     0 | D:1      | Lhightning the Minotaur Fighter began the quest for the
                  | Orb.
     0 | D:1      | Reached XP level 1. HP: 19/19 MP: 0/0
   111 | D:1      | Reached XP level 2. HP: 22/27 MP: 1/1
   143 | D:1      | Reached skill level 4 in Fighting
   207 | D:1      | Reached skill level 1 in Throwing
   362 | D:1      | Found a faded altar of an unknown god.
   414 | D:1      | Reached XP level 3. HP: 32/33 MP: 2/2
   798 | D:2      | Reached XP level 4. HP: 36/41 MP: 3/3
  1860 | D:3      | Found a sparkling altar of Nemelex Xobeh.
  1940 | D:3      | Reached skill level 5 in Fighting
  1986 | D:3      | Reached XP level 5. HP: 45/48 MP: 4/4
  2218 | D:4      | Noticed a sky beast
  2604 | D:4      | Noticed a black bear
  2607 | D:4      | Killed a black bear
  2658 | D:4      | Noticed a phantom
  2668 | D:4      | Killed a phantom
  2669 | D:4      | Reached skill level 5 in Axes
  2669 | D:4      | Reached XP level 6. HP: 44/57 MP: 5/5
  2683 | D:4      | Noticed Eustachio
  2706 | D:4      | Reached skill level 6 in Fighting
  2722 | D:4      | Killed a sky beast
  2954 | D:4      | Noticed Pikel
  2967 | D:4      | Killed Pikel
  2968 | D:4      | Reached skill level 7 in Fighting
  2968 | D:4      | Reached XP level 7. HP: 43/66 MP: 6/6
  3093 | D:4      | Killed Eustachio
  3094 | D:4      | Reached skill level 5 in Throwing
  3094 | D:4      | Reached XP level 8. HP: 66/73 MP: 7/7
  3408 | D:5      | Entered Level 5 of the Dungeon
  3409 | D:5      | Found Heoz's Armour Shoppe.
  3451 | D:5      | Found a glowing golden altar of the Shining One.
  3505 | D:5      | Reached skill level 8 in Fighting
  3666 | D:5      | Found an ornate altar of the Wu Jian Council.
  3827 | D:5      | Found a sand-covered staircase.
  3834 | Ossuary  | Entered an ossuary
  4351 | D:5      | Found a blossoming altar of Fedhas.
  4507 | D:6      | Found a staircase to the Ecumenical Temple.
  4527 | Temple   | Entered the Ecumenical Temple
  4845 | Temple   | Became a worshipper of Warmaster Okawaru
  4880 | D:6      | Reached skill level 9 in Fighting
  4885 | D:6      | Reached XP level 9. HP: 79/83 MP: 8/8
  5776 | D:7      | Noticed a white ugly thing
  5779 | D:7      | Found a transporter.
  5779 | D:7      | Noticed spaghetti's ghost (novice NaCK)
  5803 | D:7      | Reached * piety under Okawaru
  5827 | D:7      | Noticed a rust devil
  5827 | D:7      | Noticed a rust devil
  6235 | D:7      | Found a transporter.
  6271 | D:7      | Reached skill level 10 in Fighting
  6832 | D:7      | Reached ** piety under Okawaru
  6835 | D:7      | Reached skill level 10 in Axes
  7088 | D:8      | Found a runed translucent door.
  7088 | D:8      | Noticed a sixfirhy
  7168 | D:8      | Found a flagged portal.
  7174 | Bailey   | Entered a bailey
  7229 | Bailey   | Reached XP level 10. HP: 90/90 MP: 9/9
  7318 | Bailey   | Noticed an orc knight
  7331 | Bailey   | Killed an orc knight
  7332 | Bailey   | Reached skill level 11 in Fighting
  7790 | D:8      | Identified the +6 plate armour of Dogma {rN+ rCorr Int+4}
  7837 | D:8      | Identified the ring of Fedhas's Indignation {rPois rF+}
  8052 | D:9      | Noticed a two-headed ogre
  8057 | D:9      | Killed a two-headed ogre
  8057 | D:9      | Reached *** piety under Okawaru
  8275 | D:9      | Reached **** piety under Okawaru
  8284 | D:9      | Reached skill level 12 in Fighting
  8589 | D:9      | Found a burning altar of Makhleb.
  8769 | D:10     | Entered Level 10 of the Dungeon
  9028 | D:10     | Found a staircase to the Lair.
  9052 | D:10     | Noticed a two-headed ogre
  9062 | D:10     | Killed a two-headed ogre
  9062 | D:10     | Reached ***** piety under Okawaru
  9063 | D:10     | Reached XP level 11. HP: 83/105 MP: 10/10
  9195 | D:10     | Found a staircase to the Orcish Mines.
  9504 | D:10     | Found Soajeir's Assorted Antiques.
  9843 | Lair:1   | Entered Level 1 of the Lair of Beasts
  9856 | D:10     | Reached skill level 10 in Throwing
 10254 | Lair:1   | Reached skill level 13 in Fighting
 10565 | Lair:1   | Received a gift from Okawaru
 12001 | Lair:2   | Found a gate leading to a gauntlet.
 12025 | Gauntlet | Entered a Gauntlet
 12025 | Gauntlet | Found a transporter.
 12025 | Gauntlet | Found a transporter.
 12029 | Gauntlet | Found a transporter.
 12029 | Gauntlet | Found a transporter.
 12031 | Gauntlet | Found a large runed translucent door.
 12032 | Gauntlet | Found a large runed translucent door.
 12033 | Gauntlet | Found a large runed translucent door.
 12033 | Gauntlet | Found a large runed translucent door.
 12033 | Gauntlet | Found a runed translucent door.
 12035 | Gauntlet | Found a large runed translucent door.
 12037 | Gauntlet | Found a transporter.
 12055 | Gauntlet | Noticed a fire crab
 12073 | Gauntlet | Noticed a shining eye
 12081 | Gauntlet | Found a runed translucent door.
 12082 | Gauntlet | Found a large runed translucent door.
 12082 | Gauntlet | Found a large runed translucent door.
 12082 | Gauntlet | Found a large runed translucent door.
 12093 | Gauntlet | Found a large runed translucent door.
 12093 | Gauntlet | Found a large runed translucent door.
 12094 | Gauntlet | Found a large runed translucent door.
 12094 | Gauntlet | Found a large runed translucent door.
 12095 | Gauntlet | Found a runed translucent gate.
 12095 | Gauntlet | Found a runed translucent gate.
 12095 | Gauntlet | Found a runed translucent gate.
 12097 | Gauntlet | Found a transporter.
 12097 | Gauntlet | Noticed a soul eater
 12106 | Gauntlet | Found a transporter.
 12109 | Gauntlet | Found a transporter.
 12109 | Gauntlet | Found a transporter.
 12109 | Gauntlet | Noticed an orange crystal statue
 12111 | Gauntlet | Noticed a wolf spider
 12112 | Gauntlet | Found a transporter.
 12112 | Gauntlet | Noticed an entropy weaver
 12247 | Gauntlet | Killed a fire crab
 12615 | Gauntlet | Found a transporter.
 12617 | Gauntlet | Noticed a soul eater
 12670 | Gauntlet | HP: 3/108 [poisoned by a black mamba]
 13061 | Gauntlet | Found a transporter.
 13114 | Gauntlet | Killed an entropy weaver
 13114 | Gauntlet | Received a gift from Okawaru
 13115 | Gauntlet | Reached skill level 14 in Fighting
 13115 | Gauntlet | Reached XP level 12. HP: 62/117 MP: 9/11
 13263 | Gauntlet | Identified the ring of Doubts {MP+9 Int+2}
 13306 | Gauntlet | Identified the +4 ring mail "Mouddola" {rC+ Str+3}
 13306 | Gauntlet | Noticed a minotaur
 13321 | Gauntlet | Killed a minotaur
 13727 | Lair:2   | Found a staircase to the Swamp.
 14154 | Lair:2   | Identified 3 scrolls of acquirement
 14154 | Lair:2   | Acquired the +2 cloak of Leaves {Rampage rC+++ Dex+2
                  | Stlth-}
 14460 | Lair:2   | Acquired the amulet of Symmetry {Spirit Fly Regen+}
 14638 | Lair:3   | Noticed a six-headed hydra
 14741 | Lair:3   | Killed a 15-headed hydra
 14741 | Lair:3   | Received a gift from Okawaru
 14925 | Lair:3   | Reached skill level 15 in Fighting
 14983 | Lair:3   | Reached skill level 15 in Axes
 15230 | Lair:3   | Noticed a boulder beetle
 15240 | Lair:3   | Killed a boulder beetle
 15250 | Lair:3   | Found a hole to the Spider Nest.
 15329 | Lair:3   | Received a gift from Okawaru
 15440 | Lair:3   | Reached XP level 13. HP: 122/128 MP: 10/12
 15924 | Lair:4   | Reached skill level 16 in Fighting
 16013 | Lair:4   | Received a gift from Okawaru
 16369 | Lair:4   | Received a gift from Okawaru
 16487 | Lair:4   | Noticed Urug
 16500 | Lair:4   | Killed Urug
 16600 | Lair:4   | Reached skill level 17 in Fighting
 16816 | Lair:4   | Identified the staff "Omor" {*Slow rPois Int+8 Conj Earth}
 17001 | Lair:4   | Reached ****** piety under Okawaru
 17089 | Lair:5   | Entered Level 5 of the Lair of Beasts
 17095 | Lair:5   | Received a gift from Okawaru
 17127 | Lair:5   | Reached XP level 14. HP: 121/140 MP: 8/13
 17233 | Lair:5   | Received a gift from Okawaru
 17239 | Lair:5   | Found a runed translucent door.
 17288 | Lair:5   | Found a viscous altar of Jiyva.
 17304 | Lair:5   | Found a staircase to the Slime Pits.
 17304 | Lair:5   | Noticed an acid blob
 17370 | Lair:5   | Reached skill level 5 in Armour
 17378 | Lair:5   | Identified the ring "Yxul" {Wiz Int+3}
 17393 | Lair:5   | Reached skill level 5 in Shields
 17450 | Lair:5   | Reached skill level 18 in Fighting
 17534 | Lair:5   | Received a gift from Okawaru
 17539 | Lair:5   | Reached skill level 15 in Throwing
 18303 | Lair:5   | Received a gift from Okawaru
 18382 | Lair:5   | Identified the +4 flail "Acalyreloosm" {holy, Str-5 Int+6
                  | Stlth+}
 19145 | D:11     | Got Zukoodak's Almanac of Shifting
 19643 | D:12     | Received a gift from Okawaru
 19844 | D:12     | Identified the +2 robe of Starshine {rElec rPois Str-3
                  | Archmagi}
 20091 | D:13     | Noticed Rupert
 20091 | D:13     | Noticed Frances
 20091 | D:13     | Found a gate to the Vaults.
 20129 | D:12     | Reached XP level 15. HP: 138/150 MP: 12/14
 20185 | D:12     | Killed Rupert
 20185 | D:12     | Received a gift from Okawaru
 20310 | D:13     | Killed Frances
 20624 | D:13     | Reached skill level 19 in Fighting
 20885 | D:14     | Received a gift from Okawaru
 20982 | D:14     | Found a broken altar of Ashenzari.
 21221 | D:14     | Found Oheasaha's Magic Scroll Emporium.
 21294 | D:15     | Entered Level 15 of the Dungeon
 21391 | D:15     | Reached skill level 1 in Invocations
 21667 | D:15     | Received a gift from Okawaru
 21926 | D:15     | Found a staircase to the Depths.
 22064 | D:15     | Received a gift from Okawaru
 22160 | D:15     | Reached skill level 10 in Armour
 22160 | D:15     | Reached skill level 10 in Shields
 22544 | Spider:1 | Entered Level 1 of the Spider Nest
 23006 | Spider:1 | Received a gift from Okawaru
 23014 | Spider:1 | Reached XP level 16. HP: 140/162 MP: 14/18
 23524 | Spider:1 | Identified the serpent talisman of Insecurity {rF+ Will+
                  | Stlth+}
 23524 | Spider:1 | Noticed Aizul
 23543 | Spider:1 | Killed Aizul
 23544 | Spider:1 | Reached skill level 20 in Fighting
 23656 | Spider:1 | Noticed Roxanne
 24204 | Spider:2 | Reached skill level 5 in Invocations
 25198 | Spider:2 | Received a gift from Okawaru
 26012 | Spider:3 | Received a gift from Okawaru
 26461 | Spider:4 | Entered Level 4 of the Spider Nest
 26999 | Spider:4 | Received a gift from Okawaru
 27289 | Spider:4 | Reached XP level 17. HP: 172/172 MP: 21/21
 27846 | Spider:4 | Reached skill level 21 in Fighting
 27846 | Spider:4 | Received a gift from Okawaru
 27895 | Spider:4 | Got a gossamer rune of Zot
 27914 | Spider:4 | Identified the +0 pair of boots of Haunted Birdsong {rC+++
                  | rCorr Str-4 Int+2}
 27917 | Spider:4 | Identified the +0 hat "Oheylery" {rF- rC+ Str+3 Int+6}
 28253 | Swamp:1  | Entered Level 1 of the Swamp
 28522 | Swamp:1  | Identified the +8 executioner's axe "No More Talking"
                  | {drain, ^Drain rPois rN+}
 29335 | Swamp:2  | Received a gift from Okawaru
 30376 | Swamp:4  | Entered Level 4 of the Swamp
 30409 | Swamp:4  | Received a gift from Okawaru
 30983 | Swamp:4  | Reached XP level 18. HP: 171/184 MP: 19/24
 30990 | Swamp:4  | Received a gift from Okawaru
 31219 | Swamp:4  | Got a decaying rune of Zot
 31277 | Swamp:4  | Reached skill level 22 in Fighting
 31277 | Swamp:4  | Reached skill level 10 in Invocations
 31793 | Vaults:1 | Entered Level 1 of the Vaults
 32078 | Vaults:1 | Reached skill level 15 in Armour
 32078 | Vaults:1 | Reached skill level 15 in Shields
 32217 | Vaults:1 | Received a gift from Okawaru
 32990 | Vaults:1 | Received a gift from Okawaru
 34451 | Vaults:1 | Received a gift from Okawaru
 34587 | Vaults:1 | Reached XP level 19. HP: 161/192 MP: 21/26
 35036 | Vaults:2 | Reached skill level 23 in Fighting
 35806 | Vaults:2 | Found a staircase to the Crypt.
 35935 | Vaults:2 | Identified the +4 morningstar of the Healing Gods {flame,
                  | rF+ Str+3 Dex+3}
 36302 | Vaults:3 | Received a gift from Okawaru
 36640 | Vaults:3 | Received a gift from Okawaru
 37061 | Vaults:3 | Received a gift from Okawaru
 37184 | Vaults:3 | Reached XP level 20. HP: 158/205 MP: 23/28
 37526 | Vaults:3 | Noticed Saint Roka
 37546 | Vaults:3 | Killed Saint Roka
 37731 | Vaults:3 | Received a gift from Okawaru
 37775 | Vaults:3 | Found Byacvus's Armour Emporium.
 37830 | Vaults:3 | Found Caisiuru's Jewellery Shoppe.
 38115 | Vaults:4 | Reached skill level 24 in Fighting
 38123 | Vaults:4 | Noticed Xtahua
 38156 | Vaults:4 | Killed Xtahua
 38728 | Vaults:4 | Received a gift from Okawaru
 38784 | Vaults:4 | Noticed Bai Suzhen
 38788 | Vaults:4 | Killed Bai Suzhen
 38880 | Vaults:4 | Noticed Donald
 38886 | Vaults:4 | Killed Donald
 39101 | Vaults:4 | Received a gift from Okawaru
 40067 | Orc:1    | Entered Level 1 of the Orcish Mines
 40201 | Orc:2    | Entered Level 2 of the Orcish Mines
 40201 | Orc:2    | Found Paeruxt's General Store.
 40217 | Orc:2    | Found Wuaniv's General Store.
 40249 | Orc:2    | Received a gift from Okawaru
 40374 | Orc:2    | Found Osuerep's General Store.
 40431 | Orc:2    | Found Haavour's Antique Armour Boutique.
 40448 | Orc:2    | Found a staircase to the Elven Halls.
 40477 | Orc:2    | Found Berrunwiwke's Weapon Boutique.
 40665 | Orc:2    | Found Qet Dedd's Book Shoppe.
 40665 | Orc:2    | Found Fypuv's Antique Weapon Emporium.
 40671 | Orc:2    | Found a one-way gate leading to the halls of Pandemonium.
 40813 | Orc:2    | Noticed Consumeair16's ghost (journeyman HOMo)
 40837 | Orc:2    | Found a runed translucent gate.
 40837 | Orc:2    | Found a runed translucent gate.
 40846 | Orc:2    | Found a runed translucent gate.
 41135 | Elf:1    | Entered Level 1 of the Elven Halls
 41136 | Elf:1    | Acquired 626 gold pieces
 41147 | Elf:1    | Acquired the +1 pair of boots of Loypnupn {rElec Dex+4}
 41147 | Elf:1    | Received a gift from Okawaru
 41248 | Elf:1    | Paralysed by an air elemental for 1 turns
 41277 | Elf:1    | Reached XP level 21. HP: 168/215 MP: 20/30
 41453 | Elf:1    | Paralysed by an air elemental for 1 turns
 41620 | Elf:1    | Received a gift from Okawaru
 42316 | Elf:2    | Found a runed translucent gate.
 42317 | Elf:2    | Found a runed translucent gate.
 42318 | Elf:2    | Found a runed translucent gate.
 42318 | Elf:2    | Noticed yogurtking's ghost (journeyman HOFi)
 42324 | Elf:2    | Found an iron altar of Okawaru.
 42337 | Abyss:3  | Cast into level 3 of the Abyss (a deep elf sorcerer)
 42401 | Abyss:3  | Found a corrupted altar of Lugonu.
 42456 | Abyss:3  | Reached skill level 25 in Fighting
 42476 | Abyss:3  | Found a corrupted altar of Lugonu.
 42601 | Abyss:3  | Reached skill level 15 in Invocations
 42673 | Abyss:3  | Received a gift from Okawaru
 42704 | Elf:2    | Escaped the Abyss
 42856 | Elf:2    | Found a runed translucent gate.
 42856 | Elf:2    | Found a runed translucent gate.
 42857 | Elf:2    | Found a runed translucent gate.
 43417 | Elf:2    | Received a gift from Okawaru
 44002 | Depths:1 | Entered Level 1 of the Depths
 44052 | Depths:1 | Noticed Margery
 44064 | Depths:1 | Killed Margery
 44066 | Depths:1 | Found a gateway to Hell.
 44350 | Depths:1 | Reached XP level 22. HP: 210/227 MP: 27/32
 44352 | Depths:1 | Received a gift from Okawaru
 44433 | Depths:1 | Noticed a golden dragon
 44444 | Depths:1 | Killed a golden dragon
 44502 | Depths:1 | Noticed a dread lich
 44513 | Depths:1 | Killed a dread lich
 44652 | Depths:1 | Got the Papyrus of the Dead
 44874 | Depths:1 | Received a gift from Okawaru
 45257 | Depths:2 | Reached skill level 26 in Fighting
 45504 | Depths:2 | Found a one-way gate to the infinite horrors of the Abyss.
 45906 | Depths:2 | Received a gift from Okawaru
 46189 | Depths:2 | Noticed a golden dragon
 46201 | Depths:2 | Killed a golden dragon
 46285 | Depths:2 | Got the Codex of Terrain and the Sky
 46287 | Depths:2 | Got the Spellbook of Lava
 46567 | Depths:3 | Noticed the Enchantress
 46569 | Depths:3 | Received a gift from Okawaru
 46599 | Depths:3 | Killed the Enchantress
 46664 | Depths:3 | Found a one-way gateway to a ziggurat.
 46985 | Depths:3 | Reached XP level 23. HP: 227/238 MP: 28/34
 47170 | Depths:3 | Noticed a caustic shrike
 47180 | Depths:3 | Killed a caustic shrike
 47180 | Depths:3 | Received a gift from Okawaru
 47306 | Depths:3 | Acquired a manual of Evocations
 47380 | Depths:3 | Noticed a juggernaut
 47386 | Depths:3 | Noticed a juggernaut
 47398 | Depths:3 | Killed a juggernaut
 47404 | Depths:3 | Killed a juggernaut
 47424 | Depths:3 | Got the Information on the Scorpion
 47539 | Depths:3 | Found a shimmering altar of Xom.
 47561 | Depths:3 | Identified the ring "Kirghioma" {rF++ rN+ Will- EV+5}
 47593 | Depths:3 | Received a gift from Okawaru
 47963 | Depths:4 | Entered Level 4 of the Depths
 48017 | Depths:4 | Noticed a caustic shrike
 48018 | Depths:4 | Noticed a caustic shrike
 48020 | Depths:4 | Noticed a caustic shrike
 48023 | Depths:4 | Noticed a caustic shrike
 48024 | Depths:4 | Killed a caustic shrike
 48029 | Depths:4 | Killed a caustic shrike
 48032 | Depths:4 | Killed a caustic shrike
 48033 | Depths:4 | Noticed a caustic shrike
 48042 | Depths:4 | Killed a caustic shrike
 48057 | Depths:4 | Killed a caustic shrike
 48058 | Depths:4 | Reached skill level 27 in Fighting
 48634 | Depths:4 | Received a gift from Okawaru
 49057 | Depths:4 | Found a gate to the Realm of Zot.
 49588 | Crypt:1  | Entered Level 1 of the Crypt
 49632 | Crypt:1  | Noticed Sojobo
 49661 | Crypt:1  | Killed Sojobo
 49784 | Crypt:1  | Noticed Khufu
 49785 | Crypt:1  | Noticed a royal mummy
 49786 | Crypt:1  | Noticed a royal mummy
 50118 | Elf:3    | Entered Level 3 of the Elven Halls
 50184 | Elf:2    | Killed yogurtking's ghost
 50286 | Elf:3    | Received a gift from Okawaru
 50595 | Elf:3    | Reached XP level 24. HP: 249/249 MP: 35/35
 50609 | Elf:3    | Identified the +5 scale mail "Taliyx" {rC+}
 50919 | Elf:3    | Gained mutation: Your health recovers twice as slowly from
                  | being drained. [a cacodemon]
 50984 | Elf:3    | Gained mutation: You are frail. (-10% HP) [a neqoxec]
 51018 | Elf:3    | Gained mutation: You are somewhat resistant to further
                  | mutation. [a neqoxec]
 51092 | Abyss:3  | Found a corrupted altar of Lugonu.
 51092 | Abyss:3  | Cast into level 3 of the Abyss (a deep elf demonologist)
 51148 | Abyss:3  | Received a gift from Okawaru
 51318 | Abyss:4  | Found a corrupted altar of Lugonu.
 51345 | Abyss:4  | Found a hide-covered altar of Uskayaw.
 51367 | Abyss:4  | Found a hide-covered altar of Uskayaw.
 51768 | Abyss:5  | Gained mutation: Armour fits poorly on your strangely
                  | shaped body. [a neqoxec]
 51794 | Elf:3    | Escaped the Abyss
 51810 | Elf:3    | HP: 8/202 [red devil/+1 demon trident of venom[a deep elf
                  | demonologist] (13)]
 52126 | Elf:3    | Identified the amulet of the Median {Spirit Str+4}
 52137 | Elf:3    | Received a gift from Okawaru
 52375 | Elf:3    | Identified the +1 flail of Joyful Slaughter {protect, Str+2
                  | Stlth+}
 52390 | Elf:3    | Got the Omnibus of the Missiles
 52393 | Elf:3    | Identified the +2 mace "Ysopib" {drain, Fly Str+4}
 52400 | Elf:3    | Identified the scarf of the King of the Hill {rC+ rF+,
                  | rElec Str+2}
 52498 | Elf:3    | Identified the staff of the Warrior {rPois Will+ Int+7
                  | Alchemy}
 52941 | Vaults:5 | Entered Level 5 of the Vaults
 53211 | Vaults:5 | Received a gift from Okawaru
 53295 | Vaults:5 | Identified the +6 short sword "Mupnidghu" {freeze, Int+2
                  | Dex+2}
 53353 | Vaults:5 | Received a gift from Okawaru
 53517 | Vaults:5 | Identified the +6 great mace of Kemperch {flame, +Blink
                  | rElec Will+}
 53572 | Vaults:5 | Identified the +8 spear "Muyfutor" {freeze, +Blink rF-
                  | SInv}
 53578 | Vaults:5 | Found the +10 Black Knight's barding {ponderous, rPois rN+}
 53583 | Vaults:5 | Identified the amulet "Foru Lar" {Spirit Harm rN+ Regen+}
 53624 | Vaults:5 | Identified the +10 mace of Defiance {protect, *Noise *Slow
                  | Will+++ SInv}
 53721 | Vaults:5 | Reached XP level 25. HP: 202/231 MP: 20/35
 53878 | Vaults:5 | Received a gift from Okawaru
 54123 | Vaults:5 | Got the Codex of the Rocks
 54573 | Vaults:5 | Identified the +1 robe of Disappointment {rF+ rCorr}
 54838 | Vaults:5 | Got a silver rune of Zot
 54934 | Vaults:3 | Bought +2 gold dragon scales for 1196 gold pieces
 55104 | D:14     | Bought a scroll of enchant armour for 90 gold pieces
 55272 | Vaults:4 | Lost mutation: Your health recovers twice as slowly from
                  | being drained. [potion of mutation]
 55272 | Vaults:4 | Lost mutation: Armour fits poorly on your strangely shaped
                  | body. [potion of mutation]
 55272 | Vaults:4 | Gained mutation: You passively dampen the noise of your
                  | surroundings. [potion of mutation]
 55588 | Crypt:1  | Killed Khufu
 55589 | Crypt:1  | Reached skill level 1 in Dodging
 55625 | Crypt:1  | Killed a royal mummy
 55633 | Vaults:2 | Killed a royal mummy
 56096 | Crypt:1  | Identified the ring of Qoamut {Ice rPois rN+}
 56096 | Crypt:1  | Noticed Josephina
 56121 | Crypt:1  | Killed Josephina
 56555 | Crypt:2  | Received a gift from Okawaru
 56896 | Crypt:2  | Reached skill level 5 in Dodging
 57140 | Crypt:3  | Entered Level 3 of the Crypt
 57549 | Crypt:3  | Identified the staff of Heoqubb {rF+ rCorr Fire Air}
 57624 | Crypt:3  | Received a gift from Okawaru
 57652 | Crypt:3  | Identified the ring "Ollipiyrr" {rF- rN+ MP+9 Str+3}
 57652 | Crypt:3  | Identified the ring "Heitem" {^Drain rElec rF+ rC+ rN+}
 57652 | Crypt:3  | Identified the ring of Mebrerr {rN+ rCorr}
 57997 | Crypt:3  | Found a staircase to the Tomb.
 58842 | Crypt:3  | Noticed Jory
 58853 | Crypt:3  | Killed Jory
 58881 | Crypt:3  | Identified the +5 hand axe "Xexatiq" {heavy, Str+4}
 59348 | Zot:1    | Entered Level 1 of the Realm of Zot
 59352 | Zot:1    | Received a gift from Okawaru
 59573 | Zot:1    | Identified the +9 shortbow of the Rescuing Sybil {freeze,
                  | rC+}
 59613 | Zot:1    | Reached XP level 26. HP: 239/239 MP: 34/36
 59644 | Zot:1    | Received a gift from Okawaru
 59695 | Zot:1    | Reached skill level 1 in Evocations
 60070 | Zot:2    | Noticed an orb of fire
 60109 | Zot:2    | Killed an orb of fire
 60115 | Zot:2    | Reached skill level 5 in Evocations
 60211 | Zot:2    | Noticed an orb of fire
 60251 | Zot:2    | Killed an orb of fire
 60390 | Zot:2    | Received a gift from Okawaru
 60393 | Zot:2    | Found the +2 cloak of the Thief {*Fog Slay-2 SInv Stlth+}
 60631 | Zot:2    | Reached skill level 10 in Evocations
 62099 | Zot:3    | Received a gift from Okawaru
 62699 | Zot:3    | Received a gift from Okawaru
 63045 | Zot:3    | Reached skill level 15 in Evocations
 63474 | Zot:4    | Received a gift from Okawaru
 63475 | Zot:4    | Reached XP level 27. HP: 245/245 MP: 30/36
 64337 | Zot:5    | Entered Level 5 of the Realm of Zot
 65898 | Zot:5    | Received a gift from Okawaru
 66382 | Zot:5    | Noticed a dread lich
 66387 | Zot:5    | Killed a dread lich
 66604 | Zot:5    | Noticed an orb of fire
 66619 | Zot:5    | Killed an orb of fire
 66664 | Zot:5    | Noticed an orb of fire
 66687 | Zot:5    | Killed an orb of fire
 67168 | Zot:5    | Received a gift from Okawaru
 67474 | Zot:5    | Got the Orb of Zot
 67631 | Zot:2    | Noticed Lakhlylla the pandemonium lord
 67848 | D:15     | Noticed Hutsitwi the pandemonium lord
 68111 | D:$      | Escaped with the Orb!

Illustrated notes

Levels and vault maps discovered:
D:1:      psy_arrival_conway, layout_basic, shapermc_ecumenical_altar_notcrosses
D:2:      layout_basic
D:3:      layout_basic, nemelex_altar_shiori, kennysheep_generic_room_4
D:4:      layout_basic, st_stairs_13, minmay_goblin_kobold_house, uniq_pikel,
          uniq_eustachio
D:5:      layout_basic, mainiacjoe_overflow_six_doors_small,
          mainiacjoe_overflow_catch_the_wave, nicolae_ossuary_entry_giza,
          serial_shops, shop
D:6:      layout_cave_pools, minmay_temple_entry_trees
D:7:      cheibrodos_iron_armory, layout_loops_ring, gammafunk_ghost_arena,
          minmay_manual_mullet
D:8:      cheibrodos_shockbox, layout_gridville, enter_bailey_3
D:9:      layout_roguey, mainiacjoe_overflow_concentric_impassable,
          hangedman_decor_clover_reticule
D:10:     layout_irregular_city, lair_entry_dummy, david_orc_5, serial_shops,
          shop_fountains
D:11:     layout_basic, special_room [special_room_bee]
D:12:     layout_cave_pools
D:13:     layout_long_grid, david_vaults_3, uniq_frances
D:14:     layout_rooms, nicolae_ashenzari_skybound, serial_shops, shop,
          grunt_decor_junction, solitary_fountain
D:15:     grunt_enter_depths_magical_seal, layout_loops_ring,
          minmay_misc_feat_ornament
Temple:   bh_familiar_temple
Lair:1:   layout_layer_cave, portal_ice_cave_demonic_guard, hibernation_bobbens,
          serial_bayou_shore_a, infiniplex_staircase_pool_2
Lair:2:   layout_hall_layers, minmay_swamp_entry_worms, gauntlet_entry_generic
Lair:3:   layout_regular_city, nicolae_spider_entry_tight_spaces,
          evilmike_ambush [evilmike_ambush_outer_basic,
          evilmike_ambush_inner_wall_2], grunt_megastairs_4
Lair:4:   regret_index_wax_grids, layout_long_grid, lemuel_fruit_tree, uniq_urug
Lair:5:   due_jungle_book, layout_loops_ring, slime_entry_2,
          grunt_forest_large_clearings, grunt_megastairs_5,
          infiniplex_staircase_pool
Swamp:1:  layout_basic_swamp, nicolae_swamp_treefoil, swamp_pool_3,
          nicolae_swamp_little_swirl
Swamp:2:  layout_falls_marsh, nicolae_swamp_well_well_well
Swamp:3:  layout_falls_marsh, nicolae_swamp_ascending_descending,
          nicolae_swamp_tree_isthmus
Swamp:4:  swamp_basic_johnstein, layout_basic_swamp
Spider:1: layout_chambers, nicolae_spider_not_touching_you, uniq_aizul,
          uniq_roxanne
Spider:2: layout_chambers, hellmonk_watch_for_rolling_rocks
Spider:3: nicolae_spider_hilbert_zone_3 [nicolae_spider_hilbert_4_sides_2_open,
          nicolae_spider_hilbert_3_sides_1_open,
          nicolae_spider_hilbert_3_sides_1_open,
          nicolae_spider_hilbert_3_sides_1_open,
          nicolae_spider_hilbert_3_sides_1_open,
          nicolae_spider_hilbert_4_sides_1_open,
          nicolae_spider_hilbert_4_sides_1_open,
          nicolae_spider_hilbert_4_sides_1_open,
          nicolae_spider_hilbert_4_sides_1_open,
          nicolae_spider_hilbert_4_sides_1_open,
          nicolae_spider_hilbert_4_sides_1_open,
          nicolae_spider_hilbert_4_sides_1_open,
          nicolae_spider_hilbert_4_sides_1_open,
          nicolae_spider_hilbert_3_sides_1_open,
          nicolae_spider_hilbert_3_sides_1_open,
          nicolae_spider_hilbert_3_sides_1_open,
          nicolae_spider_hilbert_3_sides_1_open]
Spider:4: floodkiller_spider_rune_tomb, drop_trap, guppyfry_spider_mini_3
Orc:1:    layout_caves, mines1_david
Orc:2:    pf_orc_diabolical, layout_caves, serial_shops,
          nicolae_shop_statue_plus, shop, shop, gammafunk_ghost_split
Elf:1:    layout_gridlike, nicolae_elf_crossing_hall
Elf:2:    nicolae_elf_blades_splatter_lattice
          [nicolae_blade_entry_crossed_weapons], layout_rooms,
          gammafunk_ghost_fury_of_okawaru
Elf:3:    elf_hall_gauntlet_narrow, layout_geoelf_castle,
          nicolae_elf_deep_friendship
Vaults:1: vaults_room_semicircle, nicolae_vaults_little_ls, grunt_vaults_funnel,
          nicolae_vaults_swerve, nicolae_vaults_heart-shaped_vault,
          nicolae_vaults_closet_pinwheel_2, vaults_room_grunt_arrival_ludios,
          vaults_dpeg_hooks, vaults_room_corners,
          nicolae_vaults_trapezoid_lopsided_3, nicolae_vaults_alarming,
          layout_vaults_quadrants
Vaults:2: nicolae_vaults_tetromino_L_1, minmay_crypt_entry_simple_walls,
          serial_library_regret_index_small_wings,
          nicolae_vaults_lightning_bolt, vaults_dpeg_cross,
          ontoclasm_vaults_idyll, nicolae_vaults_three_branches,
          v_alt_pattern_1, st_hourglassy, nicolae_vaults_shrinking_rooms_1,
          v_misc_8, hangedman_vaults_snaps, nicolae_vaults_border_crossing,
          layout_vaults_maze
Vaults:3: nicolae_vaults_trapezoid_lopsided_3, nicolae_vaults_rhombus_7,
          nicolae_vaults_disjoint_gnomons, hangedman_vaults_cutoff, v_misc_26,
          v_pattern_2, dpeg_vaults_monster_box, v_misc_29,
          vaults_room_semicircle, nicolae_vaults_trapezoid_1,
          nicolae_vaults_circle_grid_b, nicolae_vaults_little_squares_2,
          nicolae_vaults_quartermaster, layout_vaults_omnibox, serial_shops,
          nicolae_shop_competitors_out_of_business, shop, uniq_saint_roka
Vaults:4: ontoclasm_vaults_ligature, nicolae_vaults_storage_room_water,
          nicolae_vaults_turnstiles, nicolae_vaults_two_Ls,
          nicolae_vaults_sesquioval_fish, hangedman_vaults_capsules,
          ontoclasm_vaults_spin, vaults_room_fours,
          nicolae_vaults_network_square, nicolae_vaults_tangram_1,
          nicolae_vaults_tetromino_Z_2, nicolae_vaults_ring_of_whatevers,
          nicolae_vaults_diamond_2, layout_vaults_omnicross, uniq_xtahua,
          uniq_bai_suzhen, uniq_donald
Vaults:5: serial_shops
Crypt:1:  layout_chaotic_city, nicolae_crypt_ancient_font, uniq_josephina,
          uniq_sojobo, uniq_khufu
Crypt:2:  layout_rooms
Crypt:3:  due_elkab, layout_chaotic_city
Depths:1: layout_roguey [special_room_morgue], grunt_metal_band, st_stairs_3,
          dk_noncrumbling_2, chequers_serial_rivers_marsh, kb_rosetta,
          infiniplex_staircase_pool_lava, serial_bayou_shore_b
Depths:2: kennysheep_four_of_diamonds, layout_gridlike, pf_hell_entry_great_geh,
          grunt_pan_entry_zigzag, abyss_entry_crystal,
          serial_sigils_hangedman_shear, infiniplex_staircase_hallway_doors,
          serial_bayou_shore_b
Depths:3: minmay_the_grid_square_5x5_5x5
          [minmay_the_grid_square_5x5_beaten_path, minmay_the_grid_square_5x5_c,
          minmay_the_grid_square_5x5_checkered_sparse,
          minmay_the_grid_square_5x5_corner, minmay_the_grid_square_5x5_two,
          minmay_the_grid_square_5x5_empty,
          minmay_the_grid_square_5x5_prize_gold,
          minmay_the_grid_square_5x5_minimal,
          minmay_the_grid_square_5x5_prize_snowflake,
          minmay_the_grid_square_5x5_six_small, minmay_the_grid_square_5x5_comb,
          minmay_the_grid_square_5x5_two_small,
          minmay_the_grid_square_5x5_prize_junk,
          minmay_the_grid_square_5x5_shrine1, minmay_the_grid_square_5x5_slash,
          minmay_the_grid_square_5x5_doubleslash,
          minmay_the_grid_square_5x5_prize_open,
          minmay_the_grid_square_5x5_eight,
          minmay_the_grid_square_5x5_prize_deathbox,
          minmay_the_grid_square_5x5_bracketed,
          minmay_the_grid_square_5x5_two_walls_a,
          minmay_the_grid_square_5x5_gyroscope,
          minmay_the_grid_square_5x5_inverted_slash,
          minmay_the_grid_square_5x5_misaligned,
          minmay_the_grid_square_5x5_one_wall], layout_honeycomb,
          enter_ziggurat_a, hell_entry, nicolae_abyss_entry_one_way_or_another,
          chequers_serial_rivers_room_a, uniq_enchantress
Depths:4: grunt_zot_entry_hairpin, layout_basic, abyss_entry,
          minmay_misc_feat_more_columns, hell_entry, nicolae_figureground_pulse
Zot:1:    layout_misc_corridors, zot_minivault_7
Zot:2:    layout_basic, hangedman_zot_decor_unnerving_road
Zot:3:    cheibrodos_zot_enchanting_chambers, layout_gridlike,
          regret_index_zot_stipple_split
Zot:4:    lemuel_draconian_sentries, layout_basic
Zot:5:    layout_gridlike, nicolae_zot_crop_circle

Skill      XL: |  1  2  3  4  5  6  7  8  9 10 11 12 13 14 15 16 17 18 19 20 21 22 23 24 25 26 27 |
---------------+----------------------------------------------------------------------------------+-----
Fighting       | 4 5 7 9 10 12 14 15 17 18 19 20 21 22 23 24 25 26 27 | 27.0
Throwing       | 1 2 3 4 5 6 8 9 11 12 14 15 16 | 16.0
Axes           | 3 4 5 6 8 10 11 13 15 16 17 18 | 18.0
Armour         | 7 10 12 14 16 17 19 20 21 23 24 26 | 26.0
Shields        | 7 10 12 14 16 17 18 20 21 22 24 25 | 25.9
Invocations    | 4 7 9 11 13 14 15 17 18 19 20 | 20.2
Dodging        | 7 |  7.8
Evocations     | 15 19 | 19.9

Action                     |  1- 3 |  4- 6 |  7- 9 | 10-12 | 13-15 | 16-18 | 19-21 | 22-24 | 25-27 || total
---------------------------+-------+-------+-------+-------+-------+-------+-------+-------+-------++-------
  Melee: War axe           |    80 |   148 |   326 |   227 |       |       |       |       |       ||   781
         Headbutt          |    12 |    14 |    47 |   114 |   261 |   378 |   382 |   506 |   589 ||  2303
         Broad axe         |       |       |       |   317 |   959 |  1168 |  1287 |  1654 |  1759 ||  7144
         Unarmed           |       |       |       |       |     6 |       |    13 |       |       ||    19
  Throw: Stone             |       |     2 |    45 |       |       |       |       |       |       ||    47
         Dart              |       |     3 |     4 |    38 |    13 |       |       |       |       ||    58
         Javelin           |       |       |       |       |     1 |     4 |   216 |   130 |   204 ||   555
         Boomerang         |       |       |       |       |       |   159 |    46 |       |       ||   205
 Invoke: Heroism           |       |       |       |     7 |     2 |     8 |     2 |     2 |     6 ||    27
         Finesse           |       |       |       |     2 |       |     6 |     4 |     4 |    10 ||    26
         Receive Armour    |       |       |       |       |       |       |     1 |       |       ||     1
  Evoke: Wand              |       |       |       |     1 |     2 |       |       |       |     6 ||     9
    Use: Scroll            |       |     3 |     5 |    16 |     4 |     6 |     8 |     5 |    15 ||    62
         Potion            |       |       |     1 |    19 |     3 |     4 |     1 |     4 |     7 ||    39
   Stab: Confused          |       |       |       |       |     1 |       |       |       |       ||     1
         Petrified         |       |       |       |       |     1 |       |       |       |       ||     1
         Distracted        |       |       |       |       |       |       |       |       |     1 ||     1
 Armour: Scale mail        |    50 |   113 |       |    50 |       |       |       |       |       ||   213
         Ring mail         |       |     4 |   208 |    96 |       |       |       |       |       ||   308
         Plate armour      |       |       |       |   445 |  1012 |  1270 |   926 |  1164 |    59 ||  4876
         Skin              |       |       |       |       |    16 |       |     9 |       |       ||    25
         Gold dragon scale |       |       |       |       |       |       |       |       |   921 ||   921
  Dodge: Dodged            |    37 |    79 |   123 |   181 |   307 |   357 |   243 |   305 |   387 ||  2019
  Block: Buckler           |    17 |    78 |   143 |   252 |   161 |       |       |       |       ||   651
         Reflection        |       |     1 |     6 |     3 |       |       |       |       |       ||    10
         Kite shield       |       |       |       |       |   124 |   748 |   728 |  1003 |   664 ||  3267
         Tower shield      |       |       |       |       |       |       |       |       |   670 ||   670
